[Event "Early-Titled-Tuesday-Blitz-February-06-2024"]
[Site "Chess.com"]
[Date "2024.02.06"]
[Round "6"]
[White "SpongeBob_03"]
[Black "SarochaChuemsakul"]
[Result "1-0"]
[WhiteElo "2224"]
[BlackElo "2431"]
[TimeControl "180+1"]
[EndTime "9:07:33 PST"]
[Termination "SpongeBob_03 won on time"]

1. e4 g6 2. d3 Bg7 3. c3 c6 4. Nf3 d5 5. Qc2 dxe4 6. dxe4 e5 7. Bc4 Qc7 8. O-O Nf6 9. h3 O-O 10. Be3 Qe7 11. b4 b5 12. Bc5 Qe8 13. Bxf8 Bxf8 14.
Bb3 Be6 15. Nbd2 Nbd7 16. Rad1 a5 17. a3 c5 18. Bxe6 Qxe6 19. Rb1 Qc6 20. Rfe1 cxb4 21.
axb4 axb4 22. c4 Rc8 23. Rbc1 Bd6 24. Qb1 Qb7 25. cxb5 Rxc1 26. Rxc1 Qxb5 27. Nc4 Bc7 28. Ne3 Bb6 29. Rc8+ Kg7 30. Rb8 Qc6 31. Qxb4 Bxe3 32. fxe3 Qc1+ 33. Qe1 1-0

[Event "Early-Titled-Tuesday-Blitz-February-06-2024"]
[Site "Chess.com"]
[Date "2024.02.06"]
[Round "6"]
[White "artooon"]
[Black "tptagain"]
[Result "0-1"]
[WhiteElo "3044"]
[BlackElo "2949"]
[TimeControl "180+1"]
[EndTime "9:07:34 PST"]
[Termination "tptagain won on time"]

1. e4 c6 2. d4 d5 3. e5 Bf5 4.
Nc3 h5 5. Nge2 h4 6. Nf4 e6 7. Bd3 Bxd3 8. Nxd3 Nd7 9. Ne2 c5 10.
c3 Ne7 11. dxc5 Nc6 12. b4 Ndxe5 13. Nxe5 Nxe5 14. Nd4 h3 15. g3 g6 16. O-O Bg7 17.
Re1 O-O 18. a4 a5 19. Rb1 Nc4 20. b5 e5 21. Nb3 e4 22. Nd4 Rc8 23. c6 bxc6 24.
Nxc6 Rxc6 25. bxc6 Ne5 26. Kh1 Nd3 27. Re2 Qd6 28. Be3 Qxc6 29. Qf1 Qe6 30. Bd4 Bxd4 31. cxd4 Qf6 32. f3 Qxd4 33. fxe4 dxe4 34. Rd1 Rd8 35. Rdd2 Rc8 36. Rd1 Qxa4 0-1

[Event "Early-Titled-Tuesday-Blitz-February-06-2024"]
[Site "Chess.com"]
[Date "2024.02.06"]
[Round "6"]
[White "h4parah5"]
[Black "Abund"]
[Result "1-0"]
[WhiteElo "2933"]
[BlackElo "2753"]
[TimeControl "180+1"]
[EndTime "9:07:34 PST"]
[Termination "h4parah5 won by checkmate"]

1. Nf3 d5 2. e3 c5 3. b3 Nf6 4.
Bb2 g6 5. Bb5+ Bd7 6. c4 Bxb5 7. cxb5 Bg7 8. O-O a6 9. bxa6 Rxa6 10. Nc3 O-O 11.
Nb5 Nc6 12. a4 Nb4 13. d3 b6 14. Rc1 Ra8 15. Qe2 Rc8 16. Rfd1 Qd7 17. h3 Rfd8 18. e4 d4 19. Ne5 Qe6 20. Nc4 Ne8 21. Ba3 Na6 22.
f4 Nec7 23. Nxc7 Rxc7 24. Rf1 Rb8 25. f5 Qd7 26. Rb1 b5 27. axb5 Rxb5 28. Qf3 gxf5 29.
exf5 Bf6 30. Bc1 Rc8 31. Qe4 Qb7 32. Qg4+ Kh8 33. Bg5 Bxg5 34. Qxg5 Rg8 35. Qd2 Rxb3 36. Na5 Rxb1 37. Nxb7 Rxb7 38. Qa5 Nb4 39. Qxc5 Rd8 40. Qe5+ f6 41. Qe4 Rc7 42. Rb1 Nc2 43. Rc1 Rdd7 44. h4 Kg7 45. Kh2 h5 46. Qf3 Kh6 47. Qg3 Rc3 48. Qg6# 1-0

[Event "Early-Titled-Tuesday-Blitz-February-06-2024"]
[Site "Chess.com"]
[Date "2024.02.06"]
[Round "6"]
[White "FaustinoOro"]
[Black "Orest_Vovk"]
[Result "0-1"]
[WhiteElo "2761"]
[BlackElo "2586"]
[TimeControl "180+1"]
[EndTime "9:07:34 PST"]
[Termination "Orest_Vovk won by resignation"]

1. e4 g5 2. d4 g4 3. Qxg4 d5 4. Qf3 dxe4 5. Qxe4 Nf6 6. Qd3 Nc6 7. Nf3 Bg4 8. c3 Qd5 9. Be2 O-O-O 10. Nbd2 e5 11.
c4 Qa5 12. O-O exd4 13. Nb3 Qh5 14. Bf4 Nb4 15. Qd2 Ne4 16. Qc1 d3 17. Bd1 Rg8 18.
Bg3 Bh6 19. Qb1 f5 20. a3 Nc6 21. Re1 Nxg3 22. hxg3 f4 23. Nfd2 fxg3 24. fxg3 Bxd2 25. Nxd2 Nd4 26. Ne4 Bxd1 27. Qxd1 Ne2+ 28. Rxe2 dxe2 29. Qe1 Rd1 30. Nf2 Rxe1+ 31. Rxe1 Re8 32. g4 Qe5 33. Kh1 Qxb2 34. Nh3 Qxa3 35. Kg1 Qc3 36.
Kf2 Qd4+ 37. Kf3 Qxc4 0-1

[Event "Early-Titled-Tuesday-Blitz-February-06-2024"]
[Site "Chess.com"]
[Date "2024.02.06"]
[Round "6"]
[White "Mackster23"]
[Black "FormerProdigy"]
[Result "1-0"]
[WhiteElo "2743"]
[BlackElo "3004"]
[TimeControl "180+1"]
[EndTime "9:07:35 PST"]
[Termination "Mackster23 won on time"]

1. e4 c6 2. d4 d5 3. e5 Bf5 4.
Nf3 e6 5. Be2 Nd7 6. O-O a5 7. a4 f6 8. Nh4 Be4 9. f3 fxe5 10.
fxe4 Qxh4 11. exd5 exd5 12. dxe5 Bc5+ 13. Kh1 O-O-O 14.
Bf4 Ne7 15. Qd2 Rhf8 16. e6 Nb6 17. g3 Qh3 18. Qxa5 g5 19. Qxc5 gxf4 20. gxf4 Rg8 21.
Qf2 d4 22. Ra3 Qxe6 23. a5 Nbd5 24. a6 Ne3 25. a7 Kc7 26. Re1 N7f5 27. Bf3 Qh6 28.
Rg1 Rxg1+ 29. Qxg1 Qxf4 30. Bg2 Qh4 31. Bf3 Qh3 32. Be4 1-0

[Event "Early-Titled-Tuesday-Blitz-February-06-2024"]
[Site "Chess.com"]
[Date "2024.02.06"]
[Round "6"]
[White "GothamChess"]
[Black "Zheenbekov86"]
[Result "1-0"]
[WhiteElo "2687"]
[BlackElo "2432"]
[TimeControl "180+1"]
[EndTime "9:07:35 PST"]
[Termination "GothamChess won on time"]

1. e4 c6 2. d4 d5 3. Nc3 dxe4 4. Nxe4 Nf6 5. Ng5 Bf5 6. N1f3 Nbd7 7. Bd3 Bxd3 8.
Qxd3 e6 9. O-O Bd6 10. Nxf7 Kxf7 11. Ng5+ Ke7 12. Re1 Nf8 13. c4 h6 14. Qh3 hxg5 15.
Qxh8 Kf7 16. Bxg5 Ng6 17. Qh3 Qd7 18. Bxf6 Rh8 19. Qf3 gxf6 20. g3 Bb4 21. Red1 f5 22. Rd3 Ba5 23. Rad1 Bb6 24. b4 a6 25. a4 Rh7 26. a5 Ba7 27. Qe2 Qc8 28. d5 cxd5 29. cxd5 e5 30. d6 Qd7 31. Qa2+ Kf8 32. Rc3 Bb8 33.
Qd5 f4 34. Rdc1 Qxd6 35. Rc8+ Ke7 36. Qg8 Rf7 37. Rxb8 fxg3 38. hxg3 Qd2 39. Rc7+ 1-0

[Event "Early-Titled-Tuesday-Blitz-February-06-2024"]
[Site "Chess.com"]
[Date "2024.02.06"]
[Round "6"]
[White "Maxfan2008"]
[Black "ViralduS"]
[Result "1-0"]
[WhiteElo "2559"]
[BlackElo "2717"]
[TimeControl "180+1"]
[EndTime "9:07:36 PST"]
[Termination "Maxfan2008 won by resignation"]

1. d4 Nf6 2. c4 g6 3. Nf3 Bg7 4. g3 O-O 5. Bg2 d6 6. O-O Nbd7 7. Nc3 e5 8. e4 exd4 9. Nxd4 Re8 10. Qc2 a5 11. h3 Nc5 12. Be3 Bd7 13. Rad1 Qc8 14. Kh2 h5 15. f3 a4 16. Ndb5 Ne6 17. f4 Bc6 18. e5 dxe5 19. fxe5 Bxg2 20. Qxg2 Nd7 21.
Nd5 Nxe5 22. Qf2 f5 23. Bc5 Nxc5 24. Qxc5 c6 25. Nd6 Bf8 26. Nf6+ Kh8 27. Nfxe8 Qxe8 28. Qxe5+ Qxe5 29. Nf7+ Kg7 30. Nxe5 Re8 31. Rd7+ Kg8 32. Nxg6 Re2+ 33. Kh1 Bc5 34. Rxb7 a3 35. b4 Bd4 36. Ne7+ Kh8 37. Nxf5 Be5 38. Nd4 1-0

[Event "Early-Titled-Tuesday-Blitz-February-06-2024"]
[Site "Chess.com"]
[Date "2024.02.06"]
[Round "6"]
[White "Crazy_girl99"]
[Black "ImportedItalianMaple"]
[Result "0-1"]
[WhiteElo "2605"]
[BlackElo "2490"]
[TimeControl "180+1"]
[EndTime "9:07:36 PST"]
[Termination "ImportedItalianMaple won by resignation"]

1. e4 g6 2. d4 Bg7 3. Nc3 d5 4. e5 c5 5. dxc5 d4 6. Ne4 Bxe5 7. Nf3 Bg7 8. Bc4 Nc6 9. O-O Nf6 10. Nxf6+ Bxf6 11. Bh6 Qa5 12. c3 Qxc5 13. Qb3 e6 14. cxd4 Qb6 15. Qd3 Bd7 16. d5 Nb4 17. Qe2 O-O-O 18.
Rac1 Kb8 19. Bf4+ Ka8 20. dxe6 fxe6 21. a3 Nd5 22. Bxd5 exd5 23. Bc7 Qxb2 24. Qxb2 Bxb2 25. Rc2 Rc8 26. Rxb2 Rxc7 27. h3 Rc3 28. a4 Bxa4 29.
Ra1 Bc6 30. Rba2 a6 31. Ne5 d4 32. Rd2 Rd8 33. Rad1 d3 34. Nxd3 Ba4 35. Ne5 Rxd2 36. Rxd2 Rc1+ 37. Kh2 Ka7 38. f4 a5 39. g4 Rc2 40.
Rxc2 Bxc2 41. g5 a4 42. Nc4 b5 43. Na3 Bd3 44. h4 b4 0-1

[Event "Early-Titled-Tuesday-Blitz-February-06-2024"]
[Site "Chess.com"]
[Date "2024.02.06"]
[Round "6"]
[White "ArturoCaceres"]
[Black "ValiantCeleb"]
[Result "1-0"]
[WhiteElo "2494"]
[BlackElo "2249"]
[TimeControl "180+1"]
[EndTime "9:07:38 PST"]
[Termination "ArturoCaceres won by resignation"]

1. e4 c5 2. Nf3 e6 3. b4 cxb4 4. a3 d5 5. e5 bxa3 6. Nxa3 Bxa3 7. Bxa3 Ne7 8. Bd3 h6 9. g4 Nbc6 10. h4 b6 11. Bd6 Bb7 12. h5 Nc8 13. Ba3 a6 14. Rg1 b5 15. Bc5 Qc7 16. Qe2 Nxe5 17.
Qxe5 Qxc5 18. Qxg7 Qf8 19. Qd4 Rg8 20. Bh7 Rg7 21.
Bd3 Nd6 22. Qf4 Rg8 23. g5 Ne4 24. Bxe4 dxe4 25. Ne5 hxg5 26. Rxg5 Rxg5 27. Qxg5 Qe7 28. Qg8+ Qf8 29. Qg5 Qe7 30. Qg7 O-O-O 31. h6 Qf8 32. Qxf8 Rxf8 33. Ke2 Kd8 34. Rg1 Ke7 35. Rg7 Kf6 36.
Nd7+ Ke7 37. Nxf8 Kxf8 38. Rg1 e3 39. Kxe3 1-0

[Event "Early-Titled-Tuesday-Blitz-February-06-2024"]
[Site "Chess.com"]
[Date "2024.02.06"]
[Round "6"]
[White "jcibarra"]
[Black "Kazan28"]
[Result "1-0"]
[WhiteElo "2881"]
[BlackElo "2606"]
[TimeControl "180+1"]
[EndTime "9:07:39 PST"]
[Termination "jcibarra won by checkmate"]

1. e4 d6 2. d4 Nf6 3. Nc3 e5 4. Nf3 Nbd7 5. Bc4 Be7 6. a4 O-O 7. O-O a6 8. Re1 b6 9. Qd3 Bb7 10. Ba2 exd4 11. Qxd4 Nc5 12. Bf4 Ne6 13. Qd2 Nxf4 14.
Qxf4 Nd7 15. Rad1 Bf6 16. Nd5 Rb8 17. c3 b5 18. axb5 axb5 19. h4 Bxd5 20. Bxd5 b4 21. Nd4 Ne5 22. h5 bxc3 23. bxc3 c5 24. Nf5 Rb6 25. Qg3 g6 26. f4 Kh8 27. Nh6 Bh4 28. Qh3 Bxe1 29. Rxe1 Nd3 30. Qxd3 Qh4 31. Qe3 Kg7 32.
f5 Qxh5 33. f6+ Kxf6 34. Nxf7 Kg7 35. Rf1 Rfb8 36. e5 Rb1 37. Qf2 R8b2 38. Qf6+ Kf8 39.
Nxd6# 1-0

[Event "Early-Titled-Tuesday-Blitz-February-06-2024"]
[Site "Chess.com"]
[Date "2024.02.06"]
[Round "6"]
[White "evgchess5"]
[Black "iwanyu"]
[Result "0-1"]
[WhiteElo "2967"]
[BlackElo "2805"]
[TimeControl "180+1"]
[EndTime "9:07:41 PST"]
[Termination "iwanyu won on time"]

1. e4 c6 2. d4 d5 3. e5 c5 4.
Nf3 cxd4 5. Nxd4 Nc6 6. c4 e6 7.
Nc3 Bc5 8. Nxc6 bxc6 9. cxd5 exd5 10. Bd3 Ne7 11. O-O O-O 12. Qc2 Ng6 13. Na4 Bd4 14.
Re1 Re8 15. Bxg6 hxg6 16. Bf4 Bf5 17. Qd2 c5 18. Rac1 Rc8 19. b3 Be4 20. Be3 Rxe5 21. Bxd4 cxd4 22. Rxc8 Qxc8 23. f3 d3 24. Nb2 Qc5+ 25.
Kh1 Rf5 26. fxe4 dxe4 27. Nd1 Qd4 28. Ne3 Rc5 29. g3 Kh7 30. Kg2 f5 31. Rf1 Qe5 32. h3 Qe6 33. g4 Kg8 34. Qf2 Qc6 35. gxf5 gxf5 36. Qg3 d2 37. Qf2 Qg6+ 38. Kh1 Qd6 39. Rd1 f4 0-1

[Event "Early-Titled-Tuesday-Blitz-February-06-2024"]
[Site "Chess.com"]
[Date "2024.02.06"]
[Round "6"]
[White "IngOscarArdila"]
[Black "SergioMoralesG"]
[Result "0-1"]
[WhiteElo "2211"]
[BlackElo "2456"]
[TimeControl "180+1"]
[EndTime "9:07:41 PST"]
[Termination "SergioMoralesG won on time"]

1. d4 d5 2. c4 c6 3. Nc3 Nf6 4.
Nf3 e6 5. cxd5 exd5 6. Bg5 Bf5 7. e3 Be7 8. Be2 O-O 9. O-O Ne4 10. Bxe7 Qxe7 11. a3 Nd7 12. Nxe4 Bxe4 13. b4 b5 14. Rc1 Rac8 15. a4 Qxb4 16. axb5 cxb5 17. Qd2 Qxd2 18. Nxd2 a6 19. Nxe4 dxe4 20. Bg4 Rxc1 21. Rxc1 f5 22. Bd1 Rd8 23. Bb3+ Kf8 24. Rc7 a5 25.
Be6 Ke7 26. Bxf5 Kd6 27. Ra7 a4 28. Bxe4 Rc8 29. Kf1 Nf6 30. Ra6+ Ke7 31. Bc6 Rb8 32. e4 b4 33. Bxa4 b3 34. e5 Nd5 35. Ra7+ Kf8 36. Ke2 b2 0-1

[Event "Early-Titled-Tuesday-Blitz-February-06-2024"]
[Site "Chess.com"]
[Date "2024.02.06"]
[Round "6"]
[White "Narek_Ghimoyan"]
[Black "CFN_Good_Evening"]
[Result "0-1"]
[WhiteElo "2421"]
[BlackElo "2016"]
[TimeControl "180+1"]
[EndTime "9:07:41 PST"]
[Termination "CFN_Good_Evening won by resignation"]

1. d4 Nf6 2. c4 e6 3. Nf3 c5 4. d5 exd5 5. cxd5 d6 6. Nc3 g6 7. e4 Bg7 8. h3 O-O 9. Bd3 Na6 10. O-O Nc7 11. a4 Rb8 12. Bf4 a6 13. a5 b5 14.
axb6 Rxb6 15. Qd2 Re8 16. Rfe1 Bd7 17. Bc4 Bb5 18. Bxb5 axb5 19. e5 dxe5 20. Nxe5 Nfxd5 21. Nxd5 Qxd5 22. Qxd5 Nxd5 23. Nd7 Rbe6 24. Rxe6 fxe6 25.
Nxc5 Nxf4 26. Ra5 Bxb2 27. Rxb5 Bd4 28. Ne4 Bg7 29. g3 Ne2+ 30. Kg2 Nd4 31. Rb7 e5 32. h4 Ne6 33. Nd6 Rd8 34. Ne4 Rc8 35. Re7 Nc5 36. Ng5 Bf6 37. Ra7 Bxg5 38. hxg5 Ne6 39. Re7 Nxg5 40.
Rxe5 Nf7 41. Re7 Kg7 42. Ra7 h5 43. f4 Rc2+ 44. Kf3 Rc3+ 45. Kg2 Rd3 46. Kh3 Kf6 47.
Kh4 Nd6 48. Ra6 Kg7 49. g4 hxg4 50. Kxg4 Rd4 51. Kg5 Nf7+ 52. Kg4 Rc4 53. Rb6 Rd4 54.
Ra6 g5 55. Kh5 gxf4 56. Kg4 Nh6+ 57. Kg5 Nf7+ 58. Kg4 Ne5+ 59. Kf5 Nd3 60. Ra7+ Kh6 61. Ra6+ Kh5 62. Ra8 Kh4 63. Rg8 f3 64. Rh8+ Kg3 65.
Rg8+ Kf2 0-1

[Event "Early-Titled-Tuesday-Blitz-February-06-2024"]
[Site "Chess.com"]
[Date "2024.02.06"]
[Round "6"]
[White "mbojan"]
[Black "RandomNoob04"]
[Result "1-0"]
[WhiteElo "2877"]
[BlackElo "2584"]
[TimeControl "180+1"]
[EndTime "9:07:42 PST"]
[Termination "mbojan won by resignation"]

1. Nf3 Nf6 2. g3 g6 3. b3 Bg7 4. Bb2 O-O 5. Bg2 d6 6. d4 Nbd7 7. O-O Re8 8. Nbd2 c5 9. c4 Rb8 10. Rc1 Qc7 11. Re1 e5 12. dxe5 dxe5 13. Ng5 b6 14. Nde4 Nxe4 15. Nxe4 Rd8 16. Qd6 Qxd6 17. Nxd6 Nf8 18. Nxc8 Rbxc8 19. Red1 Ne6 20. Bd5 Nd4 21. Kf1 Kf8 22. e3 Nf5 23. Ke2 Ne7 24. e4 Ke8 25.
Rd3 Nc6 26. Bxc6+ Rxc6 27. Rd5 Rxd5 28. cxd5 Rc8 29. Kd3 Ke7 30. b4 Kd6 31. bxc5+ bxc5 32. Ba3 f5 33. f3 Bf8 34. Rb1 Be7 35. Rb7 fxe4+ 36. fxe4 Rc7 37. Rb5 Kd7 38. Kc4 a6 39. Rb6 Bd6 40. Rxa6 Rb7 41. Bxc5 Bxc5 42. Kxc5 Rb2 43.
Ra7+ Kd8 44. d6 Rxh2 45. Kd5 h5 46. Ke6 1-0

[Event "Early-Titled-Tuesday-Blitz-February-06-2024"]
[Site "Chess.com"]
[Date "2024.02.06"]
[Round "6"]
[White "chess_blitz00"]
[Black "Mops_2004"]
[Result "0-1"]
[WhiteElo "2490"]
[BlackElo "2675"]
[TimeControl "180+1"]
[EndTime "9:07:42 PST"]
[Termination "Mops_2004 won on time"]

1. e4 c6 2. Nc3 d5 3. Nf3 dxe4 4.
Nxe4 Nf6 5. Nxf6+ exf6 6. Bc4 Bd6 7. Qe2+ Qe7 8. Qxe7+ Kxe7 9. d4 Bf5 10. Bb3 a5 11. a4 Be6 12. Bxe6 fxe6 13. Be3 Na6 14.
c3 Nc7 15. O-O-O b5 16. axb5 cxb5 17. Kc2 Nd5 18. Nd2 Rhc8 19. Kd3 a4 20. Ra1 a3 21.
Rhb1 f5 22. Bg5+ Kd7 23. Nf3 axb2 24. Rxa8 Rxa8 25. Rxb2 Ra3 26. Rxb5 Kc6 27. Rb2 Rxc3+ 28. Ke2 Bf4 29. h4 h6 30. Bd8 Bc1 31. Ba5 Bxb2 32.
Ne5+ Kd6 33. Bxc3 Nxc3+ 34. Kd3 Nb5 35. Nc4+ Kd5 36. Nxb2 Nxd4 37. Nd1 e5 38. Ne3+ Ke6 39. f3 f4 40. Nc4 Nf5 41. h5 Ng3 42. Nb6 Nxh5 0-1

[Event "Early-Titled-Tuesday-Blitz-February-06-2024"]
[Site "Chess.com"]
[Date "2024.02.06"]
[Round "6"]
[White "Jenia84"]
[Black "RantomOpening"]
[Result "0-1"]
[WhiteElo "2310"]
[BlackElo "2552"]
[TimeControl "180+1"]
[EndTime "9:07:44 PST"]
[Termination "RantomOpening won by resignation"]

1. Nf3 d5 2. b3 e6 3. Bb2 Nf6 4. d3 Be7 5. Nbd2 O-O 6. g3 a5 7. Bg2 a4 8. e4 a3 9. Bc3 c5 10. exd5 Nxd5 11. Ne4 Nxc3 12. Nxc3 Qa5 13. Qd2 Bf6 14.
d4 Nc6 15. Ne4 Qxd2+ 16. Nfxd2 Nxd4 17. Nxf6+ gxf6 18. O-O Nxc2 19. Rac1 Nb4 20. Ne4 Nxa2 21. Rxc5 Nb4 22. Nxf6+ Kg7 23. Nh5+ Kh6 24. Nf6 Kg6 25. Ng4 f5 26. Ne5+ Kf6 27. g4 a2 28. Ra1 Ra3 29.
h4 Rxb3 30. g5+ Ke7 31. Rcc1 Kd6 32. Nc4+ Ke7 33. Na5 Rb2 34. Nc4 Re2 35. Bf1 Re4 36. Nb6 Rg4+ 37. Kh2 Rxh4+ 38. Kg3 Rg4+ 39. Kf3 Bd7 40.
Rc7 Rd8 41. Bb5 Rd4 42. Nxd7 R4xd7 43. Bxd7 Rxd7 44. Rxd7+ Kxd7 45. Ke3 Nc2+ 0-1

[Event "Early-Titled-Tuesday-Blitz-February-06-2024"]
[Site "Chess.com"]
[Date "2024.02.06"]
[Round "6"]
[White "Nf3c5"]
[Black "cthulhuuu"]
[Result "1/2-1/2"]
[WhiteElo "2553"]
[BlackElo "2398"]
[TimeControl "180+1"]
[EndTime "9:07:44 PST"]
[Termination "Game drawn by repetition"]

1. d4 Nf6 2. Nf3 g6 3. Nbd2 d5 4. b4 Bg7 5. Bb2 O-O 6. e3 c6 7. a4 Bf5 8. Be2 Nbd7 9. c4 Ne4 10. O-O Nxd2 11. Qxd2 Bg4 12. b5 dxc4 13. bxc6 bxc6 14.
h3 Bxf3 15. Bxf3 Rc8 16. Rfc1 e5 17. Rxc4 exd4 18. Rxd4 Bxd4 19. Qxd4 f6 20. Qxa7 Qc7 21. Qd4 Ne5 22. Be2 c5 23. Qc3 c4 24. f4 Nd3 25.
Bxd3 cxd3 26. Qxd3 Kg7 27. Bd4 Qc2 28. Qa6 Qe4 29. a5 Rc2 30. Qf1 Rfc8 31. a6 Rd2 32. Qf3 Qxf3 33. gxf3 Rcc2 34. a7 Ra2 35. Rb1 Rg2+ 36.
Kh1 Rh2+ 37. Kg1 Rhg2+ 38. Kf1 Rh2 39. Kg1 Rhg2+ 1/2-1/2

[Event "Early-Titled-Tuesday-Blitz-February-06-2024"]
[Site "Chess.com"]
[Date "2024.02.06"]
[Round "6"]
[White "FrenchMonster2002"]
[Black "Barmen_EV"]
[Result "1-0"]
[WhiteElo "2406"]
[BlackElo "2497"]
[TimeControl "180+1"]
[EndTime "9:07:44 PST"]
[Termination "FrenchMonster2002 won on time"]

1. e4 c5 2. Nc3 Nc6 3. Bb5 e5 4.
Bxc6 dxc6 5. d3 Bd6 6. Nge2 Ne7 7. O-O Bg4 8. h3 Bh5 9. Be3 b6 10. a4 a5 11. Qd2 O-O 12. f4 exf4 13. Nxf4 Bxf4 14.
Bxf4 f5 15. exf5 Nxf5 16. g4 Nd4 17. gxh5 Qh4 18. Kg2 Qxh5 19. Bg3 Rf3 20. Ne4 Raf8 21. Qg5 Qf7 22. Nd2 Rf5 23. Rxf5 Nxf5 24. Rf1 Qd5+ 25. Ne4 h6 26. Qd2 Qd4 27. Rf3 Qxb2 28. Qf2 g6 29. Nd6 Qd4 30. Nxf5 gxf5 31. Qxd4 cxd4 32. Bc7 b5 33. axb5 cxb5 34. Bxa5 Kf7 35. Rxf5+ Ke6 36. Rxf8 1-0

[Event "Early-Titled-Tuesday-Blitz-February-06-2024"]
[Site "Chess.com"]
[Date "2024.02.06"]
[Round "6"]
[White "Massakru"]
[Black "VomDingJetztHer"]
[Result "0-1"]
[WhiteElo "2328"]
[BlackElo "2481"]
[TimeControl "180+1"]
[EndTime "9:07:44 PST"]
[Termination "VomDingJetztHer won on time"]

1. e4 c6 2. d4 d5 3. f3 e6 4. Bd3 Nf6 5. e5 Nfd7 6. f4 c5 7. Nf3 Nc6 8. c3 f5 9. exf6 gxf6 10. O-O f5 11. Re1 Qf6 12. Ng5 Nb6 13.
dxc5 Bxc5+ 14. Be3 Bxe3+ 15. Rxe3 Kd8 16. Qh5 Kc7 17.
Na3 a6 18. Rae1 Nd8 19. Nc2 h6 20. Nf3 Qf7 21. Qh4 Nd7 22. Ng5 hxg5 23. Qxh8 gxf4 24. Rh3 e5 25. Rh7 Qe6 26. Nb4 e4 27. Bc2 a5 28. Rh6 Qf7 29. Nxd5+ Qxd5 30. Rd1 Qc5+ 31. Kh1 Ra6 32. Rh7 Rd6 33. Rf1 Rd2 34. Bb3 e3 35.
Qe8 e2 36. Re1 Qf2 37. Rg1 Kb8 0-1

[Event "Early-Titled-Tuesday-Blitz-February-06-2024"]
[Site "Chess.com"]
[Date "2024.02.06"]
[Round "6"]
[White "GianmarcoVaR"]
[Black "Alex_Sahakyan2006"]
[Result "0-1"]
[WhiteElo "2676"]
[BlackElo "2891"]
[TimeControl "180+1"]
[EndTime "9:07:46 PST"]
[Termination "Alex_Sahakyan2006 won on time"]

1. e4 c5 2. Nf3 Nc6 3. b3 e5 4.
Bb2 d6 5. Bb5 g6 6. d3 Qa5+ 7.
Nc3 Bg7 8. Nd2 Ne7 9. Nc4 Qd8 10. a4 O-O 11. Ne3 Nd4 12. Bc4 a6 13. Ncd5 Nec6 14. Bc3 b6 15. a5 b5 16. Nb6 Rb8 17. Bd5 Ne7 18. b4 Kh8 19. Bd2 f5 20. c3 Ne6 21. f3 Nf4 22. O-O Nxd3 23. Nxc8 Qxc8 24. Ba2 c4 25. Nc2 fxe4 26. fxe4 Qb7 27. Qe2 Nf4 28.
Bxf4 exf4 29. Nd4 Nc6 30. Nf3 Bxc3 31. Rac1 Bxb4 32. e5 Bc5+ 33. Kh1 dxe5 34. Bb1 Be3 35. Be4 Qc7 36. Rcd1 Nd4 37. Qb2 c3 38. Qa2 c2 39.
Rc1 Bxc1 40. Rxc1 b4 41. Nxd4 exd4 42. Rxc2 b3 43. Qxb3 Rxb3 44. Rxc7 d3 45. h3 Rb1+ 46. Kh2 d2 0-1

[Event "Early-Titled-Tuesday-Blitz-February-06-2024"]
[Site "Chess.com"]
[Date "2024.02.06"]
[Round "6"]
[White "toninhojit"]
[Black "ansko1999"]
[Result "1-0"]
[WhiteElo "2527"]
[BlackElo "2668"]
[TimeControl "180+1"]
[EndTime "9:07:46 PST"]
[Termination "toninhojit won by checkmate"]

1. d4 d6 2. e4 Nf6 3. Nc3 c6 4. a4 Qc7 5. Nf3 e5 6. Be2 Be7 7. O-O O-O 8. a5 Re8 9. Re1 Nbd7 10.
Bf1 h6 11. h3 Bf8 12. Be3 Rb8 13. dxe5 Nxe5 14. Nxe5 dxe5 15. Bxa7 Ra8 16. Bb6 Qe7 17. Bc4 Be6 18. Qe2 Nd7 19. Bxe6 Qxe6 20. Be3 Bb4 21. a6 b6 22. Red1 Nc5 23. Bxc5 Bxc5 24. Na4 Qe7 25. Qc4 Bd4 26. c3 b5 27. Qxc6 Bxf2+ 28. Kxf2 bxa4 29. Rd7 Qh4+ 30. Kg1 Rac8 31. Qd5 Re6 32. a7 Rg6 33. a8=Q Rxg2+ 34. Kxg2 Qg5+ 35. Kf2 Qf4+ 36. Ke2 Qh2+ 37. Kd3 Qg3+ 38. Kc2 Qf2+ 39. Kb1 Rxa8 40. Qxa8+ Kh7 41. Qd5 f5 42. Ka2 f4 43. Qf7 Qg2 44.
Qf5+ Qg6 45. Qxg6+ Kxg6 46. Rg1+ Kf6 47. Rgxg7 f3 48.
Rdf7+ Ke6 49. Rxf3 a3 50. Rg6+ Ke7 51. Rff6 axb2 52.
Kxb2 h5 53. Rh6 h4 54. Ra6 Kf7 55. Rh7+ Kg8 56. Rb7 Kf8 57. Kb3 Ke8 58. Kc4 Kd8 59.
Raa7 Kc8 60. Kd5 Kd8 61. Kxe5 Kc8 62. Kf4 Kd8 63. Kg4 Kc8 64. Kxh4 Kd8 65. Kg5 Kc8 66. h4 Kd8 67. h5 Kc8 68. h6 Kd8 69. h7 Kc8 70. Kf6 Kd8 71. Kg7 Kc8 72. Kg8 Kd8 73.
h8=Q Kc8 74. Kh7# 1-0

[Event "Early-Titled-Tuesday-Blitz-February-06-2024"]
[Site "Chess.com"]
[Date "2024.02.06"]
[Round "6"]
[White "Chernyavsky_A"]
[Black "Snegokhod"]
[Result "0-1"]
[WhiteElo "2386"]
[BlackElo "2562"]
[TimeControl "180+1"]
[EndTime "9:07:46 PST"]
[Termination "Snegokhod won on time"]

1. c4 g6 2. d4 b6 3. Nc3 Bb7 4. e4 Bg7 5. Be3 e6 6. h4 h6 7. Qd2 d6 8. Nf3 Nd7 9. Be2 a6 10. Rc1 Ngf6 11. d5 exd5 12. cxd5 Nc5 13. Qc2 Qe7 14. Nd4 Nfxe4 15. Nxe4 Nxe4 16. Qxc7 Qxc7 17. Rxc7 Bxd5 18. h5 g5 19. Nf5 Bxb2 20. f3 Nf6 21.
Nxd6+ Kf8 22. Nc4 Bc3+ 23. Kf2 Re8 24. Nd6 Rd8 25. Nc4 Bb4 26. Bd4 Be7 27. Nxb6 Bxa2 28.
Bb2 Be6 29. Rhc1 Re8 30. Bc4 Bd8 31. Ba3+ Kg7 32. Bxe6 Rxe6 33. Nd7 Bxc7 34. Rxc7 Nxd7 35. Rxd7 Rhe8 36. Bb2+ Kg8 37. Bd4 Ra8 38. g4 a5 39.
Bc5 a4 40. Ba3 Rb6 0-1

[Event "Early-Titled-Tuesday-Blitz-February-06-2024"]
[Site "Chess.com"]
[Date "2024.02.06"]
[Round "6"]
[White "Chemim21"]
[Black "Felix-Rose"]
[Result "1-0"]
[WhiteElo "2246"]
[BlackElo "2391"]
[TimeControl "180+1"]
[EndTime "9:07:47 PST"]
[Termination "Chemim21 won by checkmate"]

1. e4 e5 2. Nf3 Nc6 3. Bb5 a6 4. Ba4 Nf6 5. O-O b5 6. Bb3 Bc5 7. Nxe5 Nxe5 8. d4 Bxd4 9. Qxd4 d6 10. c3 O-O 11. h3 Bb7 12. Bg5 h6 13. Bxf6 Qxf6 14.
Qe3 Rae8 15. Nd2 Ng6 16. f4 Qe7 17. Rae1 Kh8 18. Qg3 Qf6 19. Re2 c5 20. Bc2 Ne7 21.
e5 dxe5 22. fxe5 Qe6 23. Qd3 g6 24. Qe3 Kg7 25. Qxc5 Qxa2 26. Qd6 Qxb2 27. Qf6+ Kh7 28. Nf3 Nd5 29. Qh4 Qxc3 30. Ng5+ Kg7 31. Ne4 Qd4+ 32.
Kh1 Qxe5 33. Ref2 f5 34. Nc5 Ne3 35. Nxb7 Nxf1 36. Rxf1 Qc7 37. Qd4+ Kh7 38. Nc5 Rc8 39. Ne6 Qd6 40. Qg7# 1-0

[Event "Early-Titled-Tuesday-Blitz-February-06-2024"]
[Site "Chess.com"]
[Date "2024.02.06"]
[Round "6"]
[White "valeriocarnicelli"]
[Black "BestStelker"]
[Result "0-1"]
[WhiteElo "2535"]
[BlackElo "2712"]
[TimeControl "180+1"]
[EndTime "9:07:48 PST"]
[Termination "BestStelker won by checkmate"]

1. e4 e6 2. d4 d5 3. Nc3 Bb4 4. e5 c5 5. a3 Bxc3+ 6. bxc3 Nc6 7. Qg4 g6 8. h4 h6 9. Bd3 Nge7 10. a4 Qa5 11. Bd2 c4 12. Be2 Bd7 13. h5 g5 14.
f4 gxf4 15. Qxf4 O-O-O 16. Nf3 Rdg8 17. O-O Nf5 18. g4 Qd8 19. Kh2 Nh4 20. Kh3 Nxf3 21.
Rxf3 f5 22. Rg1 Rg5 23. Rfg3 Rf8 24. gxf5 Rfxf5 25. Qh4 Rxg3+ 26. Qxg3 Ne7 27. Bg4 Rf7 28. Bxh6 Qh8 29. Bg5 Nf5 30. Qe1 Rh7 31. Qe2 Be8 32. Bxf5 Rxh5+ 33. Kg4 exf5+ 34. Kf4 Rh2 35. Qe3 Qh5 36. e6 Re2 37. Qf3 Re4+ 38. Kg3 Qxg5+ 39. Kf2 Qd2+ 40. Kg3 Rg4+ 41. Kh3 Qh6# 0-1

[Event "Early-Titled-Tuesday-Blitz-February-06-2024"]
[Site "Chess.com"]
[Date "2024.02.06"]
[Round "6"]
[White "maximnovik"]
[Black "Road2GM3000"]
[Result "0-1"]
[WhiteElo "2596"]
[BlackElo "2482"]
[TimeControl "180+1"]
[EndTime "9:07:48 PST"]
[Termination "Road2GM3000 won on time"]

1. e4 c5 2. Nf3 d6 3. d4 cxd4 4. Nxd4 Nf6 5. Nc3 a6 6. a4 e5 7.
Nf3 Be7 8. Bg5 Be6 9. Bxf6 Bxf6 10. Nd5 Nd7 11. Bc4 O-O 12. O-O Rc8 13. Qe2 Nb6 14. Nxf6+ Qxf6 15. Bxe6 fxe6 16. a5 Nd7 17. Rfd1 Rc6 18.
Ra3 Rfc8 19. Rd2 d5 20. c3 Rd6 21. Ra1 Rc5 22. h3 Qf4 23. g3 Qf6 24. Kg2 h6 25. Nh2 Nb8 26. Ng4 Qg5 27. exd5 Rcxd5 28. Rxd5 Rxd5 29. Ne3 Rc5 30. Rd1 Rxa5 31. h4 Qe7 32. Qd3 Nc6 33. Qg6 Qf7 34. Qxf7+ Kxf7 35. Rd7+ Kf6 36.
Rxb7 Rb5 37. Rc7 Na5 38. b4 Nb7 39. Ng4+ Kf5 40. Rxg7 Nd6 41. Nxh6+ Ke4 42. h5 Kd3 0-1